 Dungeon Crawl Stone Soup version 0.31-a0-354-g827e0957a7 (webtiles) character file.

Game seed: 14965478048813287799

152 MacCMillion the Ruffian (level 5, -6/37 HPs)
             Began as a Merfolk Shapeshifter on July 24, 2023.
             Mangled by a water moccasin (7 damage)
             ... on level 3 of the Dungeon.
             The game lasted 00:03:00 (2787 turns).

MacCMillion the Ruffian (Merfolk Shapeshifter)      Turns: 2787, Time: 00:03:00

Health: -6/37      AC:  2    Str: 17    XL:     5   Next: 34%
Magic:  5/5        EV: 12    Int:  7    God:
Gold:   131        SH:  0    Dex: 15    Spells: 4/4 levels left

rFire   . .          .
                       - Unarmed
rCold   . . .        (no shield)
rNeg    . . .        a - +0 animal skin
rPois   .            (helmet currently unavailable)
rElec   .            (cloak currently unavailable)
rCorr   .            (gloves currently unavailable)
SInv    .            (boots currently unavailable)
Will    .....        (no amulet)
Stlth   +            (no ring)
HPRegen 0.26/turn    (no ring)
MPRegen 0.09/turn

%: no passive effects
@: lethally poisoned (-6 -> -11), beast-form
A: beast (slay +3), (nimble swimmer 2), mertail
a: Begin Untransformation


You were on level 3 of the Dungeon.
You were a hulking beast.
You visited 1 branch of the dungeon, and saw 3 of its levels.

You collected 131 gold pieces.

Inventory:

Missiles
 q - 4 atropa-tipped darts
 v - a silver boomerang
Armour
 a - a +0 animal skin (worn)
 f - a +0 helmet
Talismans
 c - a beast talisman
 t - a blade talisman
Scrolls
 d - a scroll of amnesia {unknown}
 e - 4 scrolls of identify {unknown}
 h - a scroll of enchant weapon {unknown}
 i - a scroll of immolation {unknown}
 l - a scroll of enchant armour {unknown}
 n - a scroll of noise {unknown}
 p - 2 scrolls of blinking {unknown}
 s - a scroll of revelation {unknown}
 u - a scroll of vulnerability {unknown}
Potions
 b - a potion of lignification
 g - a potion of attraction {unknown}
 j - 3 potions of curing {unknown}
 k - a potion of enlightenment {unknown}
 m - a potion of ambrosia {unknown}
 o - a potion of magic {unknown}
 r - 4 potions of degeneration {unknown}


   Skills:
 - Level 1.1 Fighting
 - Level 2.6 Dodging
 + Level 6.2 Unarmed Combat
 - Level 4.3 Shapeshifting


You had 4 spell levels left.
You didn't know any spells.
Your spell library contained the following spells:

 Spells                   Type           Power      Damage    Failure   Level
 Kiss of Death            Conj/Necr      0%         2d5       43%         1
 Confusing Touch          Hex            0%         N/A       80%         3
 Dispel Undead            Necr           0%         3d6       99%         4


Dungeon Overview and Level Annotations

Branches:
Dungeon (3/15)

Altars:
Hepliaklqana


Innate Abilities, Weirdness & Mutations

You are a hulking beast.
Your limbs bulge with bestial killing power. (Slay +3)
((You are very nimble when in or above water. (Stealth+, EV+, Speed+++)))
Your lower body shifts to a powerful aquatic tail in water.


Message History

No target in view!
r - 2 viscous dark potions (gained 1)
Found a stone staircase leading down.
Found 2 stones.
You now have 131 gold pieces (gained 17).
Found a robe.
r - 4 viscous dark potions (gained 2)
A water moccasin comes into view.
A water moccasin is nearby!
A water moccasin is nearby!
Found a ring mail.
No target in view!
No target in view!
A water moccasin is nearby!
A water moccasin is nearby!
A kobold comes into view. It is wielding a +0 dagger.
You barely miss the water moccasin.
The water moccasin hisses angrily.
The kobold shouts!
The water moccasin bites you!
You are poisoned.
The water moccasin poisons you!
You hit the water moccasin.
The water moccasin is lightly wounded.
You feel very sick. The water moccasin bites you.
The kobold hits you but does no damage.
You punch the water moccasin!
The water moccasin is moderately wounded.
You feel sick. The water moccasin bites you.
You hit the water moccasin.
The water moccasin is heavily wounded.
You feel sick. The water moccasin bites you!
* * * LOW HITPOINT WARNING * * *
The kobold closely misses you.
You hit the water moccasin.
The water moccasin is severely wounded.
* * * LOW HITPOINT WARNING * * *
You feel sick. The water moccasin bites you.
* * * LOW HITPOINT WARNING * * *
The kobold closely misses you. The water moccasin bites you!
You die...

#.# ##### #.# ..########
#...####.# ..........
#........# #.########
#...###### ##.# .#####.##
##.# #........#######
##.#############.........
............[.....######.
.###############h.# ##
......K.S# .######.## #.#
#.# #.. ###


You could see a water moccasin and a kobold.

Vanquished Creatures
  An iguana (D:3)
  3 adders (D:2)
  A worm (D:2)
  4 dart slugs
  4 orcs (D:3)
  5 ball pythons
  3 endoplasms
  9 goblins
  13 hobgoblins
  4 quokkas
  8 bats
  4 frilled lizards
  6 kobolds
  22 rats
87 creatures vanquished.

Notes
Turn   | Place    | Note
-------+----------+-------------------------------------------
     0 | D:1      | MacCMillion the Merfolk Shapeshifter began the quest for
                  | the Orb.
     0 | D:1      | Reached XP level 1. HP: 15/15 MP: 1/1
   251 | D:1      | Reached XP level 2. HP: 16/21 MP: 2/2
   330 | D:1      | Reached skill level 4 in Unarmed Combat
   500 | D:1      | Reached XP level 3. HP: 23/26 MP: 3/3
  1330 | D:2      | Reached skill level 5 in Unarmed Combat
  1348 | D:2      | Reached XP level 4. HP: 32/32 MP: 4/4
  1543 | D:2      | Found a hazy altar of Hepliaklqana.
  2262 | D:3      | Reached XP level 5. HP: 31/37 MP: 5/5
  2312 | D:3      | Reached skill level 6 in Unarmed Combat
  2760 | D:3      | Noticed a water moccasin
  2787 | D:3      | HP: 1/37 [water moccasin (4)]
  2787 | D:3      | Mangled by a water moccasin

Illustrated notes

Levels and vault maps discovered:
D:1:      lightli_arrival_maybe_door_vault, layout_basic,
          hangedman_feature_mirror
D:2:      layout_loops_ring, basic_altar, minmay_rat_hole
D:3:      layout_loops_ring, grunt_decor_arrowhead

Skill      XL: |  1  2  3  4  5 |
---------------+----------------+-----
Unarmed Combat | 4 5 6 |  6.2
Fighting       | |  1.1
Dodging        | |  2.6
Shapeshifting  | |  4.3

Action                     |  1- 3 |  4- 6 || total
---------------------------+-------+-------++-------
  Melee: Unarmed           |    92 |   106 ||   198
         Punch             |     3 |     3 ||     6
   Stab: Sleeping          |     1 |       ||     1
 Armour: Animal skin       |    10 |     8 ||    18
  Dodge: Dodged            |    50 |    41 ||    91

Table legend: (Time is in decaauts)
 A = Elapsed time spent in this place.
 B = Non-inter-level travel time spent in this place.
 C = Inter-level travel time spent in this place.
 D = Time resting spent in this place.
 E = Time spent auto-exploring this place.
 F = Levels seen in this place.
 G = Mean time per level.
                   A        B        C        D        E       F      G
               +--------+--------+--------+--------+--------+-----+--------+
         Total |   2769 |   2712 |     57 |    367 |   1891 |   3 |  923.0 |
       Dungeon |   2769 |   2712 |     57 |    367 |   1891 |   3 |  923.0 |
               +--------+--------+--------+--------+--------+-----+--------+

Top non-repeatable levels by time:
     D:1: 1214 daAuts
     D:2: 973 daAuts
     D:3: 581 daAuts
